Americans vs Senators

Created - Wednesday, January 07, 2015 at 01:02

Goals
1 2 3 OT1 SO T
Americans 0 0 1 0 1 1
Senators 0 1 0 0 2 2
Shots
1 2 3 OT1 SO T
Americans 8 6 8 2 4 24
Senators 2 7 14 5 4 28

1st period

No Goal

Penalties :
Kenny Ryan (BIN) for Interference (Minor) at 16:21

2nd period

1. Senators , Emerson Etem 10 (Colton Orr) at 9:07

Penalties :
Nick Drazenovic (RCH) for Hooking (Minor) at 1:19, Kevin Sundher (RCH) for Slashing (Minor) at 16:05

3rd period

2. Americans , Rasmus Ristolainen 32 (Jerome Samson, Jack Skille) at 5:16

Penalties :
David Broll (BIN) for Close Hand On Puck (Minor) at 5:55, Andrew MacWilliam (BIN) for Fighting (Major) at 8:20, Christopher Breen (RCH) for Fighting (Major) at 8:20, Colton Orr (BIN) for Roughing (Minor) at 11:03

Overtime #1

No Goal

Penalties :
No Penalty

Shootout

Penalty Shot by Jerome Samson for Americans - Stopped by Jean-Francois Berube
Penalty Shot by Tyler Biggs for Senators - Stopped by Petr Mrazek
Penalty Shot by Max Reinhart for Americans - Goal!
Penalty Shot by Kyle Chipchura for Senators - Goal!
Penalty Shot by Spencer Abbott for Americans - Shot Misses the Net
Penalty Shot by Colton Orr for Senators - Shot Misses the Net
Penalty Shot by Jack Skille for Americans - Stopped by Jean-Francois Berube
Penalty Shot by Martin St. Pierre for Senators - Goal!

Penalties :
No Penalty

Goalie Stats

Petr Mrazek (RCH), 27 saves from 28 shots - (0.964), OTL, 25-3-4, 65:00 minutes
Jean-Francois Berube (BIN), 23 saves from 24 shots - (0.958), W, 24-9-6, 65:00 minutes

Players Stats for Americans

Player Name              G  A  P  +/- PIM S  H  SB GA TA FO     MP     PP MP  PK MP  
------------------------------------------------------------------------------------
Christopher Breen        0  0  0   0  5   0  0  0  1  0  0/0     7:42   0:00   0:00 
Davis Drewiske           0  0  0   0  0   3  1  1  1  1  0/0    12:42   0:00   0:00 
Doug Janik               0  0  0  -1  0   1  1  3  2  0  0/0    21:25   2:49   2:19 
Dylan DeMelo             0  0  0   0  0   0  1  0  1  0  0/0    12:42   0:00   0:00 
Farm Player9             0  0  0   0  0   0  0  0  0  0  0/0    11:22   0:00   1:09 
Jack Skille              0  1  1   1  0   2  0  0  7  2  0/0    18:32   2:32   0:59 
Jamie MacQueen           0  0  0  -1  0   2  0  0  0  0  1/1    16:00   0:00   0:21 
Jerome Samson            0  1  1   1  0   2  2  0  1  0  2/3    23:48   2:32   2:36 
Kale Kessy               0  0  0  -1  0   2  1  0  1  0  0/0    15:22   0:00   0:00 
Kevin Sundher            0  0  0  -1  2   1  3  0  4  1  4/9    17:35   0:24   0:00 
Max Reinhart             0  0  0   1  0   1  2  1  1  1  4/11   23:49   2:32   2:36 
Maxime Sauve             0  0  0   0  0   1  3  0  0  0  0/0    18:49   3:01   0:02 
Nate Schmidt             0  0  0   1  0   0  0  0  5  0  0/0    23:10   3:08   1:39 
Nick Cousins             0  0  0   0  0   1  1  0  1  0  0/0    10:06   0:00   0:00 
Nick Drazenovic          0  0  0   0  2   2  1  0  1  1  2/7    18:42   3:25   0:00 
Peter Andersson          0  0  0  -1  0   1  0  1  0  3  0/0    21:25   2:49   2:19 
Rasmus Ristolainen       1  0  1   1  0   3  2  2  1  2  0/0    23:10   3:08   1:39 
Spencer Abbott           0  0  0   0  0   2  5  0  0  1  0/1    19:38   3:25   0:13 

Players Stats for Senators

Player Name              G  A  P  +/- PIM S  H  SB GA TA FO     MP     PP MP  PK MP  
------------------------------------------------------------------------------------
Andrew MacWilliam        0  0  0   1  5   2  1  1  1  0  0/0    24:07   2:07   0:46 
Colton Orr               0  1  1   1  2   3  3  1  2  0  0/0    15:12   1:42   0:20 
Daine Todd               0  0  0   0  0   3  2  0  1  0  0/1    15:56   2:16   0:00 
David Broll              0  0  0  -1  2   0  3  0  0  1  0/0    15:30   0:00   0:16 
Emerson Etem             1  0  1   1  0   1  1  0  3  2  0/0    14:10   1:42   0:00 
Evan Trupp               0  0  0   0  0   0  0  0  0  0  0/0     0:50   0:00   0:00 
Farm Player3             0  0  0   0  0   0  0  1  0  0  0/0    15:02   0:38   2:22 
Greg Nemisz              0  0  0  -1  0   5  1  0  0  1  7/12   18:26   0:32   0:00 
Jesse Blacker            0  0  0   0  0   1  0  3  2  3  0/0    27:39   1:33   1:37 
Joe Finley               0  0  0  -1  0   0  2  0  0  1  0/0    19:46   0:00   0:51 
Josh Leivo               0  0  0   0  0   4  1  1  3  0  2/4    19:29   2:16   3:33 
Kenny Ryan               0  0  0   0  2   1  1  1  1  1  1/1    12:49   0:00   1:32 
Korbinian Holzer         0  0  0   0  0   4  1  2  1  1  0/0    28:27   2:05   4:20 
Kyle Chipchura           0  0  0   1  0   1  3  1  0  1  6/7    21:40   1:10   3:20 
Martin St. Pierre        0  0  0   0  0   2  1  0  2  0  3/7    17:35   2:16   0:31 
Mike Brown               0  0  0   0  0   0  2  1  4  0  0/0     8:16   0:00   0:00 
Steve Eminger            0  0  0   0  0   0  2  2  1  1  0/0    22:14   1:33   4:20 
Tyler Biggs              0  0  0  -1  0   1  2  0  1  0  0/0    16:51   0:00   0:00 

3 Stars

1 - Petr Mrazek (RCH)
2 - Jean-Francois Berube (BIN)
3 - Rasmus Ristolainen (RCH)

Power Play

Americans - 0 on 3 Attempt(s) - 0.00%
Senators - 0 on 2 Attempt(s) - 0.00%

Penalty Kill

Americans - 2 on 2 Attempt(s) - 100.00% - Score 0 goal in Penalty Kill
Senators - 3 on 3 Attempt(s) - 100.00% - Score 0 goal in Penalty Kill

Team Stat

Americans - Hits : 23 - Faceoff Wins : 13 - Blocked Shots : 8 - Penalty Minutes : 9
Senators - Hits : 26 - Faceoff Wins : 19 - Blocked Shots : 14 - Penalty Minutes : 11

Official

Referees : Unknown
Linesman : Unknown

Game Notes

Andrew MacWilliam and Christopher Breen fight to a draw at 8:20 of 3rd period

Finance

Level 1 -- Attendance: 1639 (81.95%) -- Ticket Income $57,365
Level 2 -- Attendance: 781 (78.10%) -- Ticket Income $11,715
Total Attendance: 2420 (80.67%)
Total Ticket Income: $69,080
Other Income: $33,849
Total Income: $102,929

Americans

5 vs 5 Forward 
   Center                   Left Wing                Right Wing               Time % Phy DF OF 
 1 Max Reinhart             Jack Skille              Jerome Samson            35     1   2  2  
 2 Nick Drazenovic          Maxime Sauve             Spencer Abbott           30     1   2  2  
 3 Kevin Sundher            Jamie MacQueen           Kale Kessy               22     1   2  2  
 4 Nick Cousins             Jerome Samson            Max Reinhart             13     1   2  2  

5 vs 5 Defense 
   Defense                  Defense                                           Time % Phy DF OF 
 1 Rasmus Ristolainen       Nate Schmidt                                      35     1   2  2  
 2 Doug Janik               Peter Andersson                                   30     1   2  2  
 3 Dylan DeMelo             Davis Drewiske                                    22     1   2  2  
 4 Christopher Breen        Farm Player9                                      13     1   2  2  

PowerPlay Forward 
   Center                   Left Wing                Right Wing               Time % Phy DF OF 
 1 Max Reinhart             Jack Skille              Jerome Samson            60     1   2  2  
 2 Nick Drazenovic          Maxime Sauve             Spencer Abbott           40     1   2  2  

PowerPlay Defense
   Defense                  Defense                                           Time % Phy DF OF 
 1 Rasmus Ristolainen       Nate Schmidt                                      60     1   2  2  
 2 Doug Janik               Peter Andersson                                   40     1   2  2  

Penalty Kill 4 Players Forward 
   Center                   Wing                     Time % Phy DF OF 
 1 Jerome Samson            Max Reinhart             60     1   2  2  
 2 Spencer Abbott           Jack Skille              40     1   2  2  

Penalty Kill 4 Players Defense
   Defense                  Defense                  Time % Phy DF OF 
 1 Rasmus Ristolainen       Nate Schmidt             60     1   2  2  
 2 Doug Janik               Peter Andersson          40     1   2  2  

Penalty Kill - 3 Players Forward 
   Forward                                           Time % Phy DF OF 
 1 Jerome Samson                                     60     1   2  2  
 2 Max Reinhart                                      40     1   2  2  

Penalty Kill - 3 Players Defense
   Defense                  Defense                  Time % Phy DF OF 
 1 Rasmus Ristolainen       Nate Schmidt             60     1   2  2  
 2 Doug Janik               Peter Andersson          40     1   2  2  

4 vs 4 Forward 
   Center                   Wing                     Time % Phy DF OF 
 1 Jerome Samson            Max Reinhart             60     1   2  2  
 2 Spencer Abbott           Jack Skille              40     1   2  2  

4 vs 4 Defense
   Defense                  Defense                  Time % Phy DF OF 
 1 Rasmus Ristolainen       Nate Schmidt             60     1   2  2  
 2 Doug Janik               Peter Andersson          40     1   2  2  

Last Minutes Offensive
   Center                   Left Wing                Right Wing               Defense                  Defense                  
   Max Reinhart             Jack Skille              Jerome Samson            Rasmus Ristolainen       Nate Schmidt             

Last Minutes Defensive
   Center                   Left Wing                Right Wing               Defense                  Defense                  
   Max Reinhart             Jack Skille              Jerome Samson            Rasmus Ristolainen       Nate Schmidt             

Goaltenders
Starting : Petr Mrazek              
Backup : Louis Domingue           

Extra Forwards
Normal : Kevin Sundher, Nick Cousins, Jamie MacQueen - PP : Kevin Sundher, Nick Cousins - PK : Jamie MacQueen
Extra Defensemen
Normal : Dylan DeMelo, Davis Drewiske, Christopher Breen - PP : Dylan DeMelo - PK : Davis Drewiske, Christopher Breen
Penalty Shots
Jerome Samson, Max Reinhart, Spencer Abbott, Jack Skille, Nick Drazenovic

Senators

5 vs 5 Forward 
   Center                   Left Wing                Right Wing               Time % Phy DF OF 
 1 Kyle Chipchura           Emerson Etem             Colton Orr               35     1   2  2  
 2 Martin St. Pierre        Josh Leivo               Daine Todd               30     1   2  2  
 3 Greg Nemisz              David Broll              Tyler Biggs              22     1   2  2  
 4 Kyle Chipchura           Mike Brown               Kenny Ryan               13     1   2  2  

5 vs 5 Defense 
   Defense                  Defense                                           Time % Phy DF OF 
 1 Steve Eminger            Korbinian Holzer                                  35     1   2  2  
 2 Andrew MacWilliam        Jesse Blacker                                     30     1   2  2  
 3 Korbinian Holzer         Andrew MacWilliam                                 22     1   2  2  
 4 Joe Finley               Jesse Blacker                                     13     1   2  2  

PowerPlay Forward 
   Center                   Left Wing                Right Wing               Time % Phy DF OF 
 1 Kyle Chipchura           Emerson Etem             Colton Orr               60     1   2  2  
 2 Martin St. Pierre        Josh Leivo               Daine Todd               40     1   2  2  

PowerPlay Defense
   Defense                  Defense                                           Time % Phy DF OF 
 1 Andrew MacWilliam        Korbinian Holzer                                  60     1   2  2  
 2 Steve Eminger            Jesse Blacker                                     40     1   2  2  

Penalty Kill 4 Players Forward 
   Center                   Wing                     Time % Phy DF OF 
 1 Josh Leivo               Kyle Chipchura           60     1   2  2  
 2 Colton Orr               Martin St. Pierre        40     1   2  2  

Penalty Kill 4 Players Defense
   Defense                  Defense                  Time % Phy DF OF 
 1 Steve Eminger            Korbinian Holzer         60     1   2  2  
 2 Andrew MacWilliam        Jesse Blacker            40     1   2  2  

Penalty Kill - 3 Players Forward 
   Forward                                           Time % Phy DF OF 
 1 Colton Orr                                        60     1   2  2  
 2 Kyle Chipchura                                    40     1   2  2  

Penalty Kill - 3 Players Defense
   Defense                  Defense                  Time % Phy DF OF 
 1 Joe Finley               Korbinian Holzer         60     1   2  2  
 2 Steve Eminger            Jesse Blacker            40     1   2  2  

4 vs 4 Forward 
   Center                   Wing                     Time % Phy DF OF 
 1 Greg Nemisz              Kyle Chipchura           60     1   2  2  
 2 Colton Orr               Martin St. Pierre        40     1   2  2  

4 vs 4 Defense
   Defense                  Defense                  Time % Phy DF OF 
 1 Andrew MacWilliam        Korbinian Holzer         60     1   2  2  
 2 Joe Finley               Jesse Blacker            40     1   2  2  

Last Minutes Offensive
   Center                   Left Wing                Right Wing               Defense                  Defense                  
   Kyle Chipchura           Emerson Etem             Colton Orr               Steve Eminger            Korbinian Holzer         

Last Minutes Defensive
   Center                   Left Wing                Right Wing               Defense                  Defense                  
   Kyle Chipchura           Emerson Etem             Colton Orr               Steve Eminger            Korbinian Holzer         

Goaltenders
Starting : Jean-Francois Berube     
Backup : Cedrick Desjardins       

Extra Forwards
Normal : Greg Nemisz, Tyler Biggs, Kenny Ryan - PP : Greg Nemisz, Tyler Biggs - PK : Kenny Ryan
Extra Defensemen
Normal : Korbinian Holzer, Andrew MacWilliam, Joe Finley - PP : Korbinian Holzer - PK : Andrew MacWilliam, Joe Finley
Penalty Shots
Tyler Biggs, Kyle Chipchura, Colton Orr, Martin St. Pierre, Josh Leivo

% Time on Ice - Americans

Lines # - Real PCT - Wanted PCT - Time Play
Normal Forward
1 - 26% - 35% - 12:56
2 - 31% - 30% - 15:18
3 - 31% - 22% - 15:22
4 - 13% - 13% - 6:29
Normal Defense
1 - 31% - 35% - 15:41
2 - 28% - 30% - 13:59
3 - 25% - 22% - 12:42
4 - 15% - 13% - 7:43
PP Forward
1 - 43% - 60% - 2:32
2 - 57% - 40% - 3:25
PP Defense
1 - 53% - 60% - 3:08
2 - 47% - 40% - 2:49
PK Forward
1 - 95% - 60% - 3:45
2 - 5% - 40% - 0:13
PK Defense
1 - 42% - 60% - 1:39
2 - 58% - 40% - 2:19
PK3 Forward
1 - 0% - 60%
2 - 0% - 40%
PK3 Defense
1 - 0% - 60%
2 - 0% - 40%
44 Forward
1 - 86% - 60% - 4:18
2 - 14% - 40% - 0:42
44 Defense
1 - 54% - 60% - 2:42
2 - 46% - 40% - 2:18
Last Minute Offensive  - 0:00
Last Minute Defensive  - 0:00
Total
Forward - 65:00
Defense - 65:00

% Time on Ice - Senators

Lines # - Real PCT - Wanted PCT - Time Play
Normal Forward
1 - 26% - 35% - 13:07
2 - 28% - 30% - 14:06
3 - 29% - 22% - 14:36
4 - 17% - 13% - 8:16
Normal Defense
1 - 33% - 35% - 16:32
2 - 25% - 30% - 12:39
3 - 18% - 22% - 9:00
4 - 24% - 13% - 11:54
PP Forward
1 - 43% - 60% - 1:42
2 - 57% - 40% - 2:16
PP Defense
1 - 61% - 60% - 2:25
2 - 39% - 40% - 1:33
PK Forward
1 - 91% - 60% - 5:26
2 - 9% - 40% - 0:31
PK Defense
1 - 73% - 60% - 4:20
2 - 27% - 40% - 1:37
PK3 Forward
1 - 0% - 60%
2 - 0% - 40%
PK3 Defense
1 - 0% - 60%
2 - 0% - 40%
44 Forward
1 - 100% - 60% - 5:00
2 - 0% - 40% - 0:00
44 Defense
1 - 55% - 60% - 2:45
2 - 45% - 40% - 2:15
Last Minute Offensive  - 0:00
Last Minute Defensive  - 0:00
Total
Forward - 65:00
Defense - 65:00

Play by Play

1st period


0:01 of 1st period - Kyle Chipchura wins face-off versus Max Reinhart in neutral zone.
1:00 of 1st period - Peter Andersson is hit by Daine Todd and loses puck.
1:17 of 1st period - Snap shot by Josh Leivo.
1:17 of 1st period - Shot Blocked by Doug Janik.
1:19 of 1st period - Wrist shot by Daine Todd.
1:19 of 1st period - Shot Misses the Net.
1:21 of 1st period - Snap shot by Daine Todd.
1:21 of 1st period - Stopped by Petr Mrazek without a rebound.
1:22 of 1st period - Kevin Sundher wins face-off versus Greg Nemisz in Americans zone.
2:47 of 1st period - Slapshot by Max Reinhart.
2:47 of 1st period - Shot Blocked by Kenny Ryan.
3:05 of 1st period - Josh Leivo is hit by Spencer Abbott and loses puck.
3:12 of 1st period - Snap shot by Spencer Abbott.
3:12 of 1st period - Shot Blocked by Josh Leivo.
3:14 of 1st period - Snap shot by Spencer Abbott.
3:14 of 1st period - Shot Misses the Net.
3:16 of 1st period - Wrist shot by Nick Drazenovic.
3:16 of 1st period - Stopped by Jean-Francois Berube with a rebound.
4:53 of 1st period - Jerome Samson is hit by Joe Finley and loses puck.
5:00 of 1st period - Slapshot by Rasmus Ristolainen.
5:00 of 1st period - Shot Misses the Net.
5:29 of 1st period - Snap shot by Emerson Etem.
5:29 of 1st period - Shot Misses the Net.
5:37 of 1st period - Nick Cousins is hit by Colton Orr and loses puck.
5:48 of 1st period - Nick Cousins is hit by Andrew MacWilliam and loses puck.
6:12 of 1st period - Slapshot by Spencer Abbott.
6:12 of 1st period - Shot Blocked by Andrew MacWilliam.
6:14 of 1st period - Wrist shot by Spencer Abbott.
6:14 of 1st period - Stopped by Jean-Francois Berube with a rebound.
6:16 of 1st period - Slapshot by Davis Drewiske.
6:16 of 1st period - Stopped by Jean-Francois Berube with a rebound.
6:54 of 1st period - Wrist shot by Josh Leivo.
6:54 of 1st period - Shot Misses the Net.
6:56 of 1st period - Snap shot by Martin St. Pierre.
6:56 of 1st period - Shot Misses the Net.
8:12 of 1st period - Wrist shot by Spencer Abbott.
8:12 of 1st period - Shot Misses the Net.
8:14 of 1st period - Slapshot by Maxime Sauve.
8:14 of 1st period - Stopped by Jean-Francois Berube with a rebound.
8:16 of 1st period - Wrist shot by Maxime Sauve.
8:16 of 1st period - Shot Misses the Net.
8:18 of 1st period - Slapshot by Davis Drewiske.
8:18 of 1st period - Deflect By Tyler Biggs.
8:18 of 1st period - Stopped by Jean-Francois Berube without a rebound.
8:19 of 1st period - Martin St. Pierre wins face-off versus Nick Drazenovic in Senators zone.
8:19 of 1st period - Martin St. Pierre is hit by Maxime Sauve.
9:26 of 1st period - Slapshot by Greg Nemisz.
9:26 of 1st period - Shot Misses the Net.
10:11 of 1st period - Slapshot by Nick Drazenovic.
10:11 of 1st period - Deflect By Spencer Abbott.
10:11 of 1st period - Shot Misses the Net.
10:11 of 1st period - Puck is out of play.
10:12 of 1st period - Kyle Chipchura wins face-off versus Spencer Abbott in Senators zone.
12:00 of 1st period - Josh Leivo is hit by Spencer Abbott and loses puck.
12:44 of 1st period - Slapshot by Nate Schmidt.
12:44 of 1st period - Deflect By Jamie MacQueen.
12:44 of 1st period - Stopped by Jean-Francois Berube with a rebound.
12:54 of 1st period - Mike Brown is hit by Max Reinhart and loses puck.
13:46 of 1st period - Off-side.
13:47 of 1st period - Kevin Sundher wins face-off versus Greg Nemisz in neutral zone.
13:52 of 1st period - Snap shot by Davis Drewiske.
13:52 of 1st period - Stopped by Jean-Francois Berube with a rebound.
14:11 of 1st period - Maxime Sauve is hit by Martin St. Pierre and loses puck.
14:36 of 1st period - Daine Todd is hit by Max Reinhart and loses puck.
15:23 of 1st period - Nate Schmidt is hit by Steve Eminger and loses puck.
15:28 of 1st period - Snap shot by Greg Nemisz.
15:28 of 1st period - Stopped by Petr Mrazek with a rebound.
16:21 of 1st period - Minor Penalty to Kenny Ryan for Interference.
16:22 of 1st period - Josh Leivo wins face-off versus Nick Drazenovic in Senators zone.
16:36 of 1st period - Slapshot by Rasmus Ristolainen.
16:36 of 1st period - Deflect By Spencer Abbott.
16:36 of 1st period - Shot Misses the Net.
16:36 of 1st period - Puck is out of play.
16:37 of 1st period - Nick Drazenovic wins face-off versus Josh Leivo in Senators zone.
17:13 of 1st period - Slapshot by Rasmus Ristolainen.
17:13 of 1st period - Shot Misses the Net.
18:12 of 1st period - Martin St. Pierre is hit by Spencer Abbott and loses puck.
18:21 of 1st period - Penalty to Kenny Ryan is over, Kenny Ryan is back on ice.
18:27 of 1st period - Kenny Ryan is hit by Kevin Sundher and loses puck.
19:50 of 1st period - Snap shot by Nick Drazenovic.
19:50 of 1st period - Stopped by Jean-Francois Berube with a rebound.
Goals for this period are 0 for Americans vs 0 for Senators.
Shots for this period are 8 for Americans vs 2 for Senators.

2nd period


0:01 of 2nd period - Max Reinhart wins face-off versus Kyle Chipchura in neutral zone.
0:26 of 2nd period - Wrist shot by Max Reinhart.
0:26 of 2nd period - Shot Blocked by Jesse Blacker.
0:28 of 2nd period - Wrist shot by Rasmus Ristolainen.
0:28 of 2nd period - Shot Blocked by Jesse Blacker.
0:30 of 2nd period - Snap shot by Jack Skille.
0:30 of 2nd period - Stopped by Jean-Francois Berube with a rebound.
0:32 of 2nd period - Snap shot by Max Reinhart.
0:32 of 2nd period - Shot Misses the Net.
0:38 of 2nd period - Wrist shot by Max Reinhart.
0:38 of 2nd period - Deflect By Jerome Samson.
0:38 of 2nd period - Stopped by Jean-Francois Berube with a rebound.
1:17 of 2nd period - Snap shot by Martin St. Pierre.
1:17 of 2nd period - Shot Misses the Net.
1:19 of 2nd period - Minor Penalty to Nick Drazenovic for Hooking.
1:20 of 2nd period - Max Reinhart wins face-off versus Martin St. Pierre in Americans zone.
2:35 of 2nd period - Snap shot by Martin St. Pierre.
2:35 of 2nd period - Stopped by Petr Mrazek with a rebound.
3:07 of 2nd period - Peter Andersson is hit by Steve Eminger and loses puck.
3:19 of 2nd period - Penalty to Nick Drazenovic is over, Nick Drazenovic is back on ice.
3:32 of 2nd period - Martin St. Pierre is hit by Spencer Abbott and loses puck.
4:05 of 2nd period - Davis Drewiske is hit by Joe Finley and loses puck.
4:28 of 2nd period - Jamie MacQueen is hit by Tyler Biggs and loses puck.
5:12 of 2nd period - Max Reinhart is hit by Kyle Chipchura.
5:40 of 2nd period - Emerson Etem is hit by Rasmus Ristolainen and loses puck.
5:47 of 2nd period - Snap shot by Kevin Sundher.
5:47 of 2nd period - Shot Blocked by Colton Orr.
6:15 of 2nd period - Snap shot by Nick Drazenovic.
6:15 of 2nd period - Shot Misses the Net.
6:33 of 2nd period - Slapshot by Greg Nemisz.
6:33 of 2nd period - Shot Hit the Post.
6:55 of 2nd period - Jamie MacQueen is hit by Mike Brown and loses puck.
7:07 of 2nd period - Steve Eminger is hit by Kevin Sundher and loses puck.
7:28 of 2nd period - Snap shot by Spencer Abbott.
7:28 of 2nd period - Shot Blocked by Mike Brown.
8:22 of 2nd period - Slapshot by Doug Janik.
8:22 of 2nd period - Deflect By Jamie MacQueen.
8:22 of 2nd period - Stopped by Jean-Francois Berube with a rebound.
8:26 of 2nd period - Slapshot by Kevin Sundher.
8:26 of 2nd period - Stopped by Jean-Francois Berube without a rebound.
8:27 of 2nd period - Kevin Sundher wins face-off versus Daine Todd in Senators zone.
9:05 of 2nd period - Slapshot by Colton Orr.
9:05 of 2nd period - Shot Misses the Net.
9:07 of 2nd period - Wrist shot by Emerson Etem.
9:07 of 2nd period - Goal by Emerson Etem - Americans : 0 - Senators : 1.
9:08 of 2nd period - Kyle Chipchura wins face-off versus Max Reinhart in neutral zone.
10:03 of 2nd period - Kevin Sundher is hit by Korbinian Holzer and loses puck.
10:10 of 2nd period - Snap shot by Doug Janik.
10:10 of 2nd period - Shot Blocked by Korbinian Holzer.
10:12 of 2nd period - Snap shot by Doug Janik.
10:12 of 2nd period - Shot Blocked by Steve Eminger.
10:14 of 2nd period - Slapshot by Peter Andersson.
10:14 of 2nd period - Shot Misses the Net.
10:16 of 2nd period - Snap shot by Peter Andersson.
10:16 of 2nd period - Stopped by Jean-Francois Berube with a rebound.
10:40 of 2nd period - Slapshot by Martin St. Pierre.
10:40 of 2nd period - Stopped by Petr Mrazek with a rebound.
10:42 of 2nd period - Slapshot by Josh Leivo.
10:42 of 2nd period - Stopped by Petr Mrazek with a rebound.
10:44 of 2nd period - Slapshot by Daine Todd.
10:44 of 2nd period - Stopped by Petr Mrazek without a rebound.
10:45 of 2nd period - Martin St. Pierre wins face-off versus Nick Drazenovic in Americans zone.
10:54 of 2nd period - Jesse Blacker is hit by Davis Drewiske and loses puck.
11:03 of 2nd period - Slapshot by Spencer Abbott.
11:03 of 2nd period - Stopped by Jean-Francois Berube with a rebound.
11:41 of 2nd period - Colton Orr is hit by Nick Cousins and loses puck.
12:22 of 2nd period - David Broll is hit by Kevin Sundher and loses puck.
14:17 of 2nd period - Daine Todd is hit by Maxime Sauve and loses puck.
15:46 of 2nd period - Doug Janik is hit by Kyle Chipchura and loses puck.
15:59 of 2nd period - Wrist shot by Colton Orr.
15:59 of 2nd period - Stopped by Petr Mrazek with a rebound.
16:05 of 2nd period - Minor Penalty to Kevin Sundher for Slashing.
16:06 of 2nd period - Martin St. Pierre wins face-off versus Jerome Samson in Americans zone.
16:33 of 2nd period - Rasmus Ristolainen is hit by Colton Orr and loses puck.
16:44 of 2nd period - Jerome Samson is hit by Emerson Etem and loses puck.
18:05 of 2nd period - Penalty to Kevin Sundher is over, Kevin Sundher is back on ice.
18:11 of 2nd period - Rasmus Ristolainen is hit by Colton Orr and loses puck.
18:24 of 2nd period - Snap shot by Tyler Biggs.
18:24 of 2nd period - Stopped by Petr Mrazek without a rebound.
18:25 of 2nd period - Jamie MacQueen wins face-off versus Greg Nemisz in Americans zone.
18:25 of 2nd period - Jamie MacQueen is hit by David Broll.
18:37 of 2nd period - Jamie MacQueen is hit by David Broll and loses puck.
19:09 of 2nd period - Slapshot by Spencer Abbott.
19:09 of 2nd period - Shot Blocked by Farm Player3.
19:11 of 2nd period - Snap shot by Spencer Abbott.
19:11 of 2nd period - Shot Misses the Net.
19:51 of 2nd period - Josh Leivo is hit by Rasmus Ristolainen and loses puck.
Goals for this period are 0 for Americans vs 1 for Senators.
Shots for this period are 6 for Americans vs 7 for Senators.

3rd period


0:01 of 3rd period - Kyle Chipchura wins face-off versus Max Reinhart in neutral zone.
0:08 of 3rd period - Snap shot by Colton Orr.
0:08 of 3rd period - Shot Blocked by Doug Janik.
0:34 of 3rd period - Wrist shot by Emerson Etem.
0:34 of 3rd period - Deflect By Colton Orr.
0:34 of 3rd period - Stopped by Petr Mrazek with a rebound.
0:36 of 3rd period - Slapshot by Andrew MacWilliam.
0:36 of 3rd period - Deflect By Colton Orr.
0:36 of 3rd period - Shot Blocked by Max Reinhart.
0:36 of 3rd period - Puck is out of play.
0:37 of 3rd period - Nick Drazenovic wins face-off versus Martin St. Pierre in Americans zone.
0:50 of 3rd period - Wrist shot by Josh Leivo.
0:50 of 3rd period - Shot Misses the Net.
1:54 of 3rd period - Rasmus Ristolainen is hit by Greg Nemisz and loses puck.
2:01 of 3rd period - Jesse Blacker is hit by Kale Kessy and loses puck.
2:30 of 3rd period - Snap shot by Colton Orr.
2:30 of 3rd period - Stopped by Petr Mrazek without a rebound.
2:31 of 3rd period - Kyle Chipchura wins face-off versus Nick Drazenovic in Americans zone.
2:46 of 3rd period - Davis Drewiske is hit by Kyle Chipchura and loses puck.
3:11 of 3rd period - Wrist shot by Josh Leivo.
3:11 of 3rd period - Stopped by Petr Mrazek with a rebound.
3:13 of 3rd period - Snap shot by Martin St. Pierre.
3:13 of 3rd period - Shot Misses the Net.
3:15 of 3rd period - Slapshot by Andrew MacWilliam.
3:15 of 3rd period - Shot Misses the Net.
3:17 of 3rd period - Snap shot by Josh Leivo.
3:17 of 3rd period - Stopped by Petr Mrazek without a rebound.
3:18 of 3rd period - Max Reinhart wins face-off versus Martin St. Pierre in Americans zone.
3:23 of 3rd period - Snap shot by Martin St. Pierre.
3:23 of 3rd period - Shot Misses the Net.
3:25 of 3rd period - Slapshot by Jesse Blacker.
3:25 of 3rd period - Deflect By Jerome Samson.
3:25 of 3rd period - Stopped by Petr Mrazek with a rebound.
3:27 of 3rd period - Wrist shot by Josh Leivo.
3:27 of 3rd period - Shot Blocked by Davis Drewiske.
3:29 of 3rd period - Slapshot by Daine Todd.
3:29 of 3rd period - Stopped by Petr Mrazek with a rebound.
3:31 of 3rd period - Slapshot by Martin St. Pierre.
3:31 of 3rd period - Shot Misses the Net.
3:33 of 3rd period - Snap shot by Josh Leivo.
3:33 of 3rd period - Stopped by Petr Mrazek without a rebound.
3:34 of 3rd period - Kyle Chipchura wins face-off versus Kevin Sundher in Americans zone.
3:49 of 3rd period - Snap shot by Mike Brown.
3:49 of 3rd period - Shot Misses the Net.
4:05 of 3rd period - Davis Drewiske is hit by Mike Brown and loses puck.
4:35 of 3rd period - Maxime Sauve is hit by Daine Todd and loses puck.
4:50 of 3rd period - Peter Andersson is hit by Josh Leivo and loses puck.
5:12 of 3rd period - Snap shot by Jerome Samson.
5:12 of 3rd period - Shot Misses the Net.
5:14 of 3rd period - Slapshot by Rasmus Ristolainen.
5:14 of 3rd period - Stopped by Jean-Francois Berube with a rebound.
5:16 of 3rd period - Snap shot by Rasmus Ristolainen.
5:16 of 3rd period - Goal by Rasmus Ristolainen - Americans : 1 - Senators : 1.
5:17 of 3rd period - Greg Nemisz wins face-off versus Max Reinhart in neutral zone.
5:24 of 3rd period - Slapshot by Greg Nemisz.
5:24 of 3rd period - Stopped by Petr Mrazek without a rebound.
5:25 of 3rd period - Greg Nemisz wins face-off versus Max Reinhart in Americans zone.
5:30 of 3rd period - Snap shot by Greg Nemisz.
5:30 of 3rd period - Shot Misses the Net.
5:32 of 3rd period - Snap shot by Greg Nemisz.
5:32 of 3rd period - Shot Blocked by Doug Janik.
5:34 of 3rd period - Slapshot by Korbinian Holzer.
5:34 of 3rd period - Stopped by Petr Mrazek with a rebound.
5:36 of 3rd period - Snap shot by Greg Nemisz.
5:36 of 3rd period - Stopped by Petr Mrazek without a rebound.
5:37 of 3rd period - Greg Nemisz wins face-off versus Max Reinhart in Americans zone.
5:42 of 3rd period - Snap shot by Greg Nemisz.
5:42 of 3rd period - Shot Misses the Net.
5:44 of 3rd period - Backhand shot by Tyler Biggs.
5:44 of 3rd period - Shot Misses the Net.
5:46 of 3rd period - Backhand shot by David Broll.
5:46 of 3rd period - Shot Blocked by Peter Andersson.
5:48 of 3rd period - Slapshot by Andrew MacWilliam.
5:48 of 3rd period - Shot Misses the Net.
5:50 of 3rd period - Slapshot by Andrew MacWilliam.
5:50 of 3rd period - Stopped by Petr Mrazek with a rebound.
5:52 of 3rd period - Slapshot by Korbinian Holzer.
5:52 of 3rd period - Stopped by Petr Mrazek with a rebound.
5:55 of 3rd period - Minor Penalty to David Broll for Close Hand On Puck.
5:56 of 3rd period - Josh Leivo wins face-off versus Max Reinhart in Senators zone.
6:51 of 3rd period - Korbinian Holzer is hit by Spencer Abbott and loses puck.
7:55 of 3rd period - Penalty to David Broll is over, David Broll is back on ice.
7:55 of 3rd period - Korbinian Holzer is hit by Doug Janik and loses puck.
8:20 of 3rd period - Andrew MacWilliam and Christopher Breen fight to a draw.
8:20 of 3rd period - Penalty to Andrew MacWilliam for Fighting.
8:20 of 3rd period - Penalty to Christopher Breen for Fighting.
8:21 of 3rd period - Greg Nemisz wins face-off versus Kevin Sundher in Americans zone.
8:30 of 3rd period - Snap shot by Greg Nemisz.
8:30 of 3rd period - Shot Blocked by Rasmus Ristolainen.
8:54 of 3rd period - Dylan DeMelo is hit by Tyler Biggs and loses puck.
9:46 of 3rd period - Snap shot by Nick Drazenovic.
9:46 of 3rd period - Shot Misses the Net.
9:48 of 3rd period - Slapshot by Doug Janik.
9:48 of 3rd period - Stopped by Jean-Francois Berube with a rebound.
9:50 of 3rd period - Wrist shot by Maxime Sauve.
9:50 of 3rd period - Shot Blocked by Jesse Blacker.
9:52 of 3rd period - Slapshot by Doug Janik.
9:52 of 3rd period - Shot Misses the Net.
9:54 of 3rd period - Snap shot by Doug Janik.
9:54 of 3rd period - Shot Misses the Net.
9:56 of 3rd period - Slapshot by Doug Janik.
9:56 of 3rd period - Shot Hit the Post.
11:03 of 3rd period - Minor Penalty to Colton Orr for Roughing.
11:04 of 3rd period - Kenny Ryan wins face-off versus Nick Drazenovic in Senators zone.
11:09 of 3rd period - Snap shot by Kyle Chipchura.
11:09 of 3rd period - Shot Blocked by Rasmus Ristolainen.
11:11 of 3rd period - Snap shot by Korbinian Holzer.
11:11 of 3rd period - Stopped by Petr Mrazek with a rebound.
11:41 of 3rd period - Snap shot by Jack Skille.
11:41 of 3rd period - Shot Misses the Net.
11:43 of 3rd period - Snap shot by Doug Janik.
11:43 of 3rd period - Shot Blocked by Kyle Chipchura.
12:25 of 3rd period - Josh Leivo is hit by Jerome Samson.
12:52 of 3rd period - Martin St. Pierre is hit by Nick Drazenovic and loses puck.
13:03 of 3rd period - Penalty to Colton Orr is over, Colton Orr is back on ice.
13:03 of 3rd period - David Broll is hit by Maxime Sauve and loses puck.
13:26 of 3rd period - Dylan DeMelo is hit by David Broll and loses puck.
14:03 of 3rd period - Steve Eminger is hit by Dylan DeMelo and loses puck.
14:14 of 3rd period - Slapshot by Jerome Samson.
14:14 of 3rd period - Stopped by Jean-Francois Berube with a rebound.
14:16 of 3rd period - Wrist shot by Jerome Samson.
14:16 of 3rd period - Shot Misses the Net.
14:26 of 3rd period - Wrist shot by Kevin Sundher.
14:26 of 3rd period - Shot Misses the Net.
14:32 of 3rd period - Snap shot by Kevin Sundher.
14:32 of 3rd period - Shot Blocked by Steve Eminger.
14:34 of 3rd period - Snap shot by Kale Kessy.
14:34 of 3rd period - Stopped by Jean-Francois Berube with a rebound.
14:36 of 3rd period - Snap shot by Kevin Sundher.
14:36 of 3rd period - Shot Misses the Net.
14:38 of 3rd period - Wrist shot by Jamie MacQueen.
14:38 of 3rd period - Deflect By Kale Kessy.
14:38 of 3rd period - Stopped by Jean-Francois Berube without a rebound.
14:39 of 3rd period - Kevin Sundher wins face-off versus Martin St. Pierre in Senators zone.
14:52 of 3rd period - Snap shot by Jack Skille.
14:52 of 3rd period - Shot Misses the Net.
15:35 of 3rd period - Rasmus Ristolainen is hit by Kenny Ryan and loses puck.
18:35 of 3rd period - Snap shot by Martin St. Pierre.
18:35 of 3rd period - Shot Misses the Net.
19:15 of 3rd period - Wrist shot by Greg Nemisz.
19:15 of 3rd period - Deflect By Nate Schmidt.
19:15 of 3rd period - Stopped by Petr Mrazek with a rebound.
19:17 of 3rd period - Slapshot by Steve Eminger.
19:17 of 3rd period - Deflect By David Broll.
19:17 of 3rd period - Shot Misses the Net.
19:17 of 3rd period - Puck is out of play.
19:18 of 3rd period - Greg Nemisz wins face-off versus Kevin Sundher in Americans zone.
19:54 of 3rd period - Snap shot by Jerome Samson.
19:54 of 3rd period - Deflect By Max Reinhart.
19:54 of 3rd period - Stopped by Jean-Francois Berube without a rebound.
19:55 of 3rd period - Max Reinhart wins face-off versus Josh Leivo in Senators zone.
19:56 of 3rd period - Slapshot by Jack Skille.
19:56 of 3rd period - Stopped by Jean-Francois Berube with a rebound.
Goals for this period are 1 for Americans vs 0 for Senators.
Shots for this period are 8 for Americans vs 14 for Senators.

Overtime #1


0:01 of 1st overtime period - Jerome Samson wins face-off versus Greg Nemisz in neutral zone.
0:25 of 1st overtime period - Snap shot by Greg Nemisz.
0:25 of 1st overtime period - Stopped by Petr Mrazek with a rebound.
0:27 of 1st overtime period - Wrist shot by Greg Nemisz.
0:27 of 1st overtime period - Shot Misses the Net.
0:29 of 1st overtime period - Snap shot by Kyle Chipchura.
0:29 of 1st overtime period - Shot Misses the Net.
0:31 of 1st overtime period - Slapshot by Korbinian Holzer.
0:31 of 1st overtime period - Shot Misses the Net.
0:33 of 1st overtime period - Slapshot by Korbinian Holzer.
0:33 of 1st overtime period - Stopped by Petr Mrazek with a rebound.
0:35 of 1st overtime period - Slapshot by Andrew MacWilliam.
0:35 of 1st overtime period - Deflect By Greg Nemisz.
0:35 of 1st overtime period - Shot Misses the Net.
0:35 of 1st overtime period - Puck is out of play.
0:36 of 1st overtime period - Jerome Samson wins face-off versus Greg Nemisz in Americans zone.
0:53 of 1st overtime period - Backhand shot by Kyle Chipchura.
0:53 of 1st overtime period - Stopped by Petr Mrazek with a rebound.
1:16 of 1st overtime period - Jesse Blacker is hit by Jerome Samson and loses puck.
2:56 of 1st overtime period - Slapshot by Andrew MacWilliam.
2:56 of 1st overtime period - Stopped by Petr Mrazek with a rebound.
2:58 of 1st overtime period - Slapshot by Andrew MacWilliam.
2:58 of 1st overtime period - Deflect By Kenny Ryan.
2:58 of 1st overtime period - Stopped by Petr Mrazek with a rebound.
3:32 of 1st overtime period - Snap shot by Jack Skille.
3:32 of 1st overtime period - Shot Misses the Net.
3:34 of 1st overtime period - Slapshot by Doug Janik.
3:34 of 1st overtime period - Shot Misses the Net.
3:51 of 1st overtime period - Wrist shot by Jack Skille.
3:51 of 1st overtime period - Shot Misses the Net.
4:09 of 1st overtime period - Slapshot by Nate Schmidt.
4:09 of 1st overtime period - Shot Misses the Net.
4:13 of 1st overtime period - Wrist shot by Nick Cousins.
4:13 of 1st overtime period - Shot Misses the Net.
4:15 of 1st overtime period - Slapshot by Nate Schmidt.
4:15 of 1st overtime period - Shot Blocked by Korbinian Holzer.
4:17 of 1st overtime period - Slapshot by Rasmus Ristolainen.
4:17 of 1st overtime period - Stopped by Jean-Francois Berube without a rebound.
4:18 of 1st overtime period - Greg Nemisz wins face-off versus Kevin Sundher in Senators zone.
4:33 of 1st overtime period - Backhand shot by Nick Cousins.
4:33 of 1st overtime period - Stopped by Jean-Francois Berube without a rebound.
4:34 of 1st overtime period - Greg Nemisz wins face-off versus Kevin Sundher in Senators zone.
Goals for this period are 0 for Americans vs 0 for Senators.
Shots for this period are 2 for Americans vs 5 for Senators.

ShootOut


5:00 of 1st overtime period - Penalty Shot by Jerome Samson for Americans.
5:00 of 1st overtime period - Snap shot by Jerome Samson.
5:00 of 1st overtime period - Stopped by Jean-Francois Berube.
5:00 of 1st overtime period - Penalty Shot by Tyler Biggs for Senators.
5:00 of 1st overtime period - Deke by Tyler Biggs.
5:00 of 1st overtime period - Stopped by Petr Mrazek.
5:00 of 1st overtime period - Penalty Shot by Max Reinhart for Americans.
5:00 of 1st overtime period - Snap shot by Max Reinhart.
5:00 of 1st overtime period - Goal by Max Reinhart.
5:00 of 1st overtime period - Penalty Shot by Kyle Chipchura for Senators.
5:00 of 1st overtime period - Wrist shot by Kyle Chipchura.
5:00 of 1st overtime period - Goal by Kyle Chipchura.
5:00 of 1st overtime period - Penalty Shot by Spencer Abbott for Americans.
5:00 of 1st overtime period - Snap shot by Spencer Abbott.
5:00 of 1st overtime period - Shot Misses the Net.
5:00 of 1st overtime period - Penalty Shot by Colton Orr for Senators.
5:00 of 1st overtime period - Backhand shot by Colton Orr.
5:00 of 1st overtime period - Shot Misses the Net.
5:00 of 1st overtime period - Penalty Shot by Jack Skille for Americans.
5:00 of 1st overtime period - Deke by Jack Skille.
5:00 of 1st overtime period - Stopped by Jean-Francois Berube.
5:00 of 1st overtime period - Penalty Shot by Martin St. Pierre for Senators.
5:00 of 1st overtime period - Deke by Martin St. Pierre.
5:00 of 1st overtime period - Goal by Martin St. Pierre.


Output by the SimonT Hockey Simulator (STHS) for Eric Dolegowski -- Original Page W3C XHTML 1.0 Valid
Hockey Simulator - Hockey Simulation - Hockey Manager